 Dungeon Crawl Stone Soup version 0.25.0-9-g26727b657a (webtiles) character file.

Game seed: 10745550243600336624

2475 shadizar the Skirmisher (level 9, -1/75 HPs)
             Began as a White Draconian Transmuter on June 17, 2020.
             Was a Follower of Okawaru.
             Succumbed to a hornet's poison
             ... on level 7 of the Dungeon.
             The game lasted 00:22:23 (11848 turns).

shadizar the Skirmisher (DrTm)                     Turns: 11848, Time: 00:22:25

Health: -1/75      AC:  8    Str: 16    XL:     9   Next: 27%
Magic:  8/16       EV: 17    Int: 14    God:    Okawaru [*.....]
Gold:   359        SH:  0    Dex: 11    Spells: 7/17 levels left

rFire    . . .     SeeInvis .     - Unarmed
rCold    + . .     Gourm    .   (no shield)
rNeg     . . .     Faith    .   (armour unavailable)
rPois    .         Spirit   .   (helmet restricted)
rElec    .         Reflect  .   j - +0 cloak
rCorr    .         Harm     .   (no gloves)
MR       .....                  (no boots)
Stlth    +++.......             (no amulet)
HPRegen  0.22/turn              (no ring)
MPRegen  0.15/turn              (no ring)

@: lethally poisoned (-1 -> -25), appendage, heroism, very slightly
contaminated, slowed, very slow
A: breathe frost, unfitting armour, horns 2, cold resistance 1, cold-blooded, AC
+7
a: Breathe Frost, End Transformation, Heroism, Renounce Religion


You were on level 7 of the Dungeon.
You worshipped Okawaru.
Okawaru was aware of your devotion.
You were not hungry.
You had grown temporary horns.
You visited 2 branches of the dungeon, and saw 8 of its levels.
You also visited: Sewer.

You collected 359 gold pieces.

Inventory:

Missiles
 a - 131 arrows
 y - 159 stones (quivered)
Armour
 j - a +0 cloak (worn)
 I - a +0 tower shield
Jewellery
 e - an uncursed amulet of regeneration {unknown}
 k - an uncursed ring of see invisible {unknown}
 C - a +6 ring of dexterity {unknown}
Wands
 l - a wand of acid (5)
 w - a wand of flame (22)
 J - a wand of digging (4)
 K - a wand of paralysis (7)
Scrolls
 b - 2 scrolls of teleportation {unknown}
 d - a scroll of noise {unknown}
 g - a scroll of random uselessness {unknown}
 i - 2 scrolls of remove curse {unknown}
 o - 9 scrolls of identify {unknown}
 p - 2 scrolls of enchant weapon {unknown}
 r - 2 scrolls of magic mapping {unknown}
 s - a scroll of amnesia {unknown}
 v - a scroll of fog {unknown}
 x - 2 scrolls of enchant armour {unknown}
 A - 2 scrolls of fear {unknown}
 B - 3 scrolls of immolation {unknown}
Potions
 f - 2 potions of flight {unknown}
 h - 6 potions of curing {unknown}
 m - 2 potions of lignification {unknown}
 n - a potion of ambrosia {unknown}
 q - a potion of might {unknown}
 t - a potion of heal wounds
 u - a potion of haste
 z - 2 potions of stabbing {unknown}
 D - 2 potions of brilliance {unknown}
 E - a potion of degeneration {unknown}
 F - a potion of mutation {unknown}
 G - a potion of magic {unknown}
 L - a potion of cancellation
Comestibles
 c - 11 rations
 H - 2 chunks of flesh


   Skills:
 + Level 6.0(11.0) Fighting
 + Level 4.5(9.5) Dodging
 + Level 5.6(10.6) Unarmed Combat
 + Level 4.6 Spellcasting
 + Level 5.1 Transmutations
 + Level 4.2 Ice Magic
 + Level 4.0 Poison Magic
 - Level 2.0 Invocations


You had 7 spell levels left.
You knew the following spells:

 Your Spells              Type           Power        Failure   Level  Hunger
a - Beastly Appendage     Tmut           ###...       2%          1    None
b - Sticks to Snakes      Tmut           ###.....     3%          2    ##.....
c - Spider Form           Tmut/Pois      ###.......   9%          3    ###....
d - Ice Form              Ice/Tmut       ###.....     26%         4    ####...

Your spell library contained the following spells:

 Spells                   Type           Power        Failure   Level  Hunger
 Blade Hands              Tmut           ###.......   52%         5    ######.


Dungeon Overview and Level Annotations

Branches:
Dungeon (7/15)             Temple (1/1) D:4           Sewer (visited)

Altars:
Ashenzari
Cheibriados
Dithmenos
Elyvilon
Fedhas
Gozag
Hepliaklqana
Kikubaaqudgha
Makhleb
Okawaru
Qazlal
Ru
Trog
Uskayaw
Vehumet
Xom
Yredelemnul
Zin
The Shining One

Shops:
D:7 %

Annotations:
D:6 Sigmund


Innate Abilities, Weirdness & Mutations

You can breathe waves of freezing cold.
You can buffet flying creatures when you breathe cold.
Your icy white scales are hard. (AC +7)
You cannot fit into any form of body armour.
Your flesh is cold resistant. (rC+)
You are cold-blooded and may be slowed by cold attacks.
You have a pair of horns on your head.


Message History

The hornet stings you!
* * * LOW HITPOINT WARNING * * *
You feel as though you will be slow longer.
Unknown command.
Unknown command.
Unknown command.
Unknown command.
Unknown command.
Unknown command.
Unknown command.
Unknown command.
Unknown command.
Unknown command.
Casting: Sticks to Snakes (safe; 3% risk of failure)
Confirm with . or Enter, or press ? or * to list all spells.
You miscast Ice Form.
You are very lightly contaminated with residual magic.
A chill runs through your body. You resist.
* * * LOW HITPOINT WARNING * * *
You die...

#......## #.....#.
##...... ###
###.......
##.###.##..##..
####..........÷...
#.............†...
####.##.(############
#.gy@(..## ##... #
###..###### .....
#..÷########......
#.8)#..g...#......
#..(#≈≈≈≈≈≈....#
#.(......g.?...#
#..............#
#...#≈≈≈≈≈≈....#
#.8.#......#......


You could see a hornet and a gnoll.

Vanquished Creatures
  An orc warrior (D:6)
  A black bear (D:7)
  An eye of draining (D:6)
  A phantom (D:5)
  2 ogres
  3 centaurs
  2 bullfrogs (D:6)
  2 gnoll sergeants (D:7)
  A bullfrog skeleton (D:4)
  2 orc priests
  8 hounds
  A jelly (D:7)
  3 orc wizards
  Jessica (D:2)
  A gnoll shaman (D:3)
  Ijyb (D:3)
  2 iguanas
  2 worker ants
  A hound zombie (D:6)
  A hound skeleton (D:4)
  A howler monkey zombie (D:7)
  22 gnolls
  10 adders
  6 river rats
  3 shadow imps
  4 oozes
  An adder skeleton (D:5)
  5 worms
  2 dart slugs
  9 leopard geckos
  12 orcs
  4 giant cockroaches
  6 goblins
  2 hobgoblins (D:3)
  9 jackals
  26 kobolds
  3 quokkas
  7 ball pythons
  11 bats
  A frilled lizard (D:3)
  A jackal skeleton (D:4)
  28 rats
210 creatures vanquished.

Vanquished Creatures (collateral kills)
  Grinder (D:5)
  Menkaure (D:7)
  An orc (D:3)
  A jackal zombie (D:7)
  A rat (D:3)
5 creatures vanquished.

Grand Total: 215 creatures vanquished

Notes
Turn   | Place    | Note
-------+----------+-------------------------------------------
     0 | D:1      | shadizar the Draconian Transmuter began the quest for the
                  | Orb.
     0 | D:1      | Reached XP level 1. HP: 16/16 MP: 3/3
   705 | D:1      | Reached XP level 2. HP: 23/23 MP: 5/5
   985 | D:2      | Found a glowing golden altar of the Shining One.
  1180 | D:2      | Found a hide-covered altar of Uskayaw.
  1181 | D:2      | Found a hazy altar of Hepliaklqana.
  1301 | D:2      | Reached skill level 2 in Fighting
  1392 | D:2      | Reached XP level 3. HP: 24/29 MP: 6/6
  1855 | D:2      | HP: 1/30 [kobold/+0 trident (9)]
  2308 | D:2      | Noticed Jessica
  2317 | D:2      | Killed Jessica
  2317 | D:2      | Reached XP level 4. HP: 20/37 MP: 5/7
  2343 | D:2      | Learned a level 2 spell: Sticks to Snakes
  2832 | D:3      | Noticed Ijyb
  2861 | D:3      | Killed Ijyb
  2861 | D:3      | Reached skill level 3 in Fighting
  2946 | D:3      | HP: 1/38 [poisoned by an adder]
  2947 | D:3      | Reached XP level 5. HP: 1/45 MP: 6/8
  4130 | D:3      | Reached XP level 6. HP: 43/52 MP: 8/10
  4733 | D:4      | Reached skill level 4 in Fighting
  4742 | D:4      | Learned a level 3 spell: Spider Form
  5526 | D:4      | Reached skill level 1 in Poison Magic
  6192 | D:4      | Found a sacrificial altar of Ru.
  6223 | D:4      | Your scales start taking on an icy white colour.
  6223 | D:4      | Reached XP level 7. HP: 51/60 MP: 11/11
  6223 | D:4      | Gained mutation: Your flesh is cold resistant. (rC+) [White
                  | Draconian growth]
  6258 | D:4      | Learned a level 4 spell: Ice Form
  6379 | D:4      | Found a staircase to the Ecumenical Temple.
  6390 | Temple   | Entered the Ecumenical Temple
  6553 | Temple   | Became a worshipper of Warmaster Okawaru
  7037 | D:5      | Entered Level 5 of the Dungeon
  7072 | D:5      | Noticed Grinder
  7096 | D:5      | Killed Grinder
  7096 | D:5      | Reached skill level 1 in Ice Magic
  7367 | D:5      | Found a blossoming altar of Fedhas.
  7461 | D:5      | Found a glowing drain.
  7482 | Sewer    | Entered a sewer
  8631 | D:5      | Found a stormy altar of Qazlal.
  8982 | D:5      | Found a bloodstained altar of Trog.
  9126 | D:6      | Reached XP level 8. HP: 65/67 MP: 13/13
  9183 | D:6      | Reached skill level 5 in Fighting
  9711 | D:6      | Reached * piety under Okawaru
  9757 | D:6      | Reached skill level 5 in Unarmed Combat
 10139 | D:6      | Noticed Sigmund
 10151 | D:7      | Found Fuxkeola's Food Boutique.
 10151 | D:7      | Noticed Menkaure
 10158 | D:7      | Killed Menkaure
 10158 | D:7      | Reached skill level 1 in Invocations
 10546 | D:6      | Reached XP level 9. HP: 23/75 MP: 13/15
 10911 | D:7      | Found an iron altar of Okawaru.
 11060 | D:7      | Reached skill level 5 in Transmutations
 11642 | D:7      | Reached skill level 6 in Fighting
 11848 | D:7      | HP: 1/75 [something (6)]
 11848 | D:7      | Succumbed to a hornet's poison

Illustrated notes

Levels and vault maps discovered:
D:1:      saegor_arrival_simple_e, layout_basic
D:2:      layout_loops_corners, grunt_temple_overflow_open, minivault_5,
          tso_metal_star, uniq_jessica
D:3:      layout_basic, first_ration, uniq_ijyb
D:4:      minmay_door_path, layout_gridville, lemuel_coloured_pillars_altar,
          minmay_temple_entry_drinking_statues
D:5:      layout_cave_pods, fedhas_ov_isle_minmay, grunt_qazlal_clouds,
          bloody_trog, gup_sewer_entry_bubbles, uniq_grinder
D:6:      layout_cave_pools, kennysheep_little_box, kennysheep_mini_moat,
          serial_column_ruins, column_ruins_hut_pillars,
          column_ruins_corridor_corner, column_ruins_grid_1,
          column_ruins_grid_1, column_ruins_grid_1, column_ruins_open_tiny,
          column_ruins_grid_4, column_ruins_open_small, uniq_sigmund
D:7:      layout_cave_pools, serial_shops, shop, serial_gnoll_camp,
          gnoll_camp_mini_basic, gnoll_camp_mini_hut, gnoll_camp_mini_doghouse,
          gnoll_camp_mini_hut, gnoll_camp_medium_01, okawaru_metal_pillars_1_2,
          uniq_menkaure
Temple:   nicolae_temple_figure_eight

Skill      XL: |  1  2  3  4  5  6  7  8  9 |
---------------+----------------------------+-----
Dodging        | 2 3 4 |  4.5
Fighting       | 2 3 4 5 6 |  6.0
Transmutations | 3 4 5 |  5.1
Unarmed Combat | 4 5 |  5.6
Spellcasting   | 3 4 |  4.6
Poison Magic   | 1 2 3 4 |  4.0
Ice Magic      | 2 3 4 |  4.2
Invocations    | 1 2 |  2.0

Action                   |  1- 3 |  4- 6 |  7- 9 || total
-------------------------+-------+-------+-------++-------
Melee: Unarmed           |   138 |   391 |   467 ||   996
       Tailslap          |     5 |    40 |    50 ||    95
       Kick              |     1 |    10 |    28 ||    39
       Punch             |     1 |     2 |    13 ||    16
       Headbutt          |       |    16 |    21 ||    37
 Cast: Beastly Appendage |     2 |    12 |    26 ||    40
       Sticks to Snakes  |       |     3 |    16 ||    19
       Spider Form       |       |       |     2 ||     2
Invok: Heroism           |       |       |    17 ||    17
  Use: Potion            |       |     2 |     3 ||     5
 Stab: Sleeping          |     1 |     2 |       ||     3
       Distracted        |       |     1 |     1 ||     2
  Eat: Chunk             |     4 |    14 |    19 ||    37
Armor: Skin              |    46 |   114 |   147 ||   307
Dodge: Dodged            |   114 |   239 |   383 ||   736
